 Dungeon Crawl Stone Soup version 0.27-a0-1071-ga85bd9520d (webtiles) character file.

Game seed: 1950912348996897630

277 leviel the Fighter (level 6, -1/61 HPs)
             Began as a Minotaur Fighter on Apr 24, 2021.
             Slain by a gnoll
             ... wielding a +0 halberd
              (5 damage)
             ... on level 4 of the Dungeon.
             The game lasted 00:03:34 (3416 turns).

leviel the Fighter (Minotaur Fighter)               Turns: 3416, Time: 00:03:35

Health: -1/61      AC:  6    Str: 22    XL:     6   Next: 4%
Magic:  5/5        EV:  7    Int:  5    God:
Gold:   189        SH:  9    Dex: 10    Spells: 5/5 levels left

rFire    . . .     SeeInvis .   a - +0 war axe
rCold    . . .     Faith    .   c - +0 kite shield
rNeg     . . .     Spirit   .   b - +0 scale mail
rPois    .         Reflect  .   (helmet restricted)
rElec    .         Harm     .   (no cloak)
rCorr    .         Rampage  .   (no gloves)
Will     +....                  (no boots)
Stlth    ..........             (no amulet)
HPRegen  0.20/turn              l - ring of willpower
MPRegen  0.09/turn              (no ring)

@: no status effects
A: horns 2, retaliatory headbutt
a: no special abilities


You were on level 4 of the Dungeon.
You visited 1 branch of the dungeon, and saw 4 of its levels.

You collected 189 gold pieces.

Inventory:

Hand Weapons
 a - a +0 war axe (weapon)
Armour
 b - a +0 scale mail (worn)
 c - a +0 kite shield (worn)
Jewellery
 l - a ring of willpower (left hand)
Scrolls
 e - a scroll of blinking {unknown}
 f - a scroll of immolation {unknown}
 i - 6 scrolls of identify {unknown}
 j - a scroll of torment {unknown}
Potions
 d - a potion of might
 g - 3 potions of curing {unknown}
 h - a potion of attraction {unknown}
 k - 2 potions of heal wounds {unknown}


   Skills:
 + Level 8.2 Fighting
 - Level 2.4 Axes
 - Level 3.6 Armour
 - Level 3.6 Shields


You had 5 spell levels left.
You didn't know any spells.
Your spell library contained the following spells:

 Spells                   Type           Power      Damage    Failure   Level
 Magic Dart               Conj           0%         1d3       99%         1
 Searing Ray              Conj           0%         3d3       100%        2
 Dazzling Flash           Conj/Hex       0%         N/A       100%        3
 Fulminant Prism          Conj/Hex       0%         3d6       100%        4
 Iskenderun's Mystic Bla  Conj/Tloc      0%         2d3       100%        4


Dungeon Overview and Level Annotations

Branches:
Dungeon (4/15)
 Temple: D:4-7

Altars:
Makhleb


Innate Abilities, Weirdness & Mutations

You have a pair of horns on your head.
You reflexively headbutt those who attack you in melee.


Message History

A gnoll comes into view. It is wielding a +0 halberd.
A gnoll comes into view. It is wielding a +0 club.
You open the door.
There is an open door here.
The water moccasin skeleton bites you but does no damage.
You slash the water moccasin skeleton!
The water moccasin skeleton is moderately damaged.
You block the water moccasin skeleton's attack.
You slash the gnoll! Your headbutt misses the gnoll.
The gnoll is almost dead.
You block the gnoll's attack.
You slash the gnoll!
You kill the gnoll!
The gnoll hits you from afar with a +0 halberd!
You hit the water moccasin skeleton.
You headbutt the water moccasin skeleton.
The water moccasin skeleton is heavily damaged.
The water moccasin skeleton barely misses you.
The gnoll hits you but does no damage. The water moccasin skeleton bites you.
The gnoll hits you from afar with a +0 halberd!
You slash the water moccasin skeleton!
You headbutt the water moccasin skeleton!
You destroy the water moccasin skeleton!
The gnoll hits you from afar with a +0 halberd!
The gnoll hits you with a +0 club.
The gnoll hits you from afar with a +0 halberd!
* * * LOW HITPOINT WARNING * * *
Your Fighting skill increases to level 8!
You have reached level 6!
Your experience leads to an increase in your attributes!
Increase (S)trength, (I)ntelligence, or (D)exterity?
You feel stronger.
You barely miss the gnoll. You block the gnoll's attack.
The gnoll barely misses you.
You barely miss the gnoll.
The gnoll hits you from afar with a +0 halberd!
* * * LOW HITPOINT WARNING * * *
A gnoll opens the door.
The gnoll hits you from afar with a +0 halberd.
You die...

###############
#.>.......'@..+ .
#<........#g..# ..
#.........#g..# ...
...###'########)######....
...........................
.............<.............
...........................
...................<.......
######+####+#.....#####....


You could see 2 gnolls.

Vanquished Creatures
  A water moccasin skeleton (D:4)
  Robin (D:3)
  7 gnolls
  4 adders
  A worm (D:3)
  3 dart slugs
  3 orcs (D:3)
  7 bats
  5 endoplasms
  A giant cockroach (D:1)
  7 hobgoblins
  11 jackals
  6 kobolds
  3 quokkas
  4 ball pythons
  7 frilled lizards
  15 goblins
  23 rats
109 creatures vanquished.

Notes
Turn   | Place    | Note
-------+----------+-------------------------------------------
     0 | D:1      | leviel the Minotaur Fighter began the quest for the Orb.
     0 | D:1      | Reached XP level 1. HP: 19/19 MP: 0/0
   202 | D:1      | Reached skill level 4 in Fighting
   236 | D:1      | Reached XP level 2. HP: 26/28 MP: 1/1
   458 | D:1      | Reached skill level 5 in Fighting
   641 | D:1      | Reached XP level 3. HP: 36/36 MP: 2/2
  1397 | D:2      | Reached skill level 6 in Fighting
  1397 | D:2      | Reached XP level 4. HP: 28/44 MP: 3/3
  1516 | D:2      | Found a faded altar of an unknown god.
  2546 | D:3      | Reached XP level 5. HP: 51/51 MP: 4/4
  2552 | D:3      | Reached skill level 7 in Fighting
  2940 | D:3      | Noticed Robin
  2963 | D:3      | Killed Robin
  3215 | D:3      | Found a burning altar of Makhleb.
  3413 | D:4      | Reached skill level 8 in Fighting
  3413 | D:4      | Reached XP level 6. HP: 12/61 MP: 5/5
  3416 | D:4      | Slain by a gnoll

Illustrated notes

Levels and vault maps discovered:
D:1:      minmay_arrival_three_doors, layout_loops_ring, serial_rivers,
          chequers_serial_rivers_small_3, chequers_serial_rivers_room_b,
          chequers_serial_rivers_small_3, chequers_serial_rivers_small_3,
          chequers_serial_rivers_small_3, chequers_serial_rivers_micro_d
D:2:      layout_loops_ring, basic_ecumenical_altar, minmay_rat_hole
D:3:      layout_loops_ring, overflow_temple_1_default, st_stairs_14,
          kennysheep_nub, grunt_decor_junction, uniq_robin
D:4:      layout_gridville, marbit_many_paths

Skill      XL: |  1  2  3  4  5 |
---------------+----------------+-----
Fighting       | 4 5 6 8 |  8.2
Axes           | |  2.4
Armour         | |  3.6
Shields        | |  3.6

Action                   |  1- 3 |  4- 6 || total
-------------------------+-------+-------++-------
Melee: War axe           |    99 |   129 ||   228
       Headbutt          |    12 |    20 ||    32
Armor: Scale mail        |    49 |    51 ||   100
Dodge: Dodged            |    27 |    45 ||    72
Block: Kite shield       |    48 |    78 ||   126

Table legend: (Time is in decaauts)
 A = Elapsed time spent in this place.
 B = Non-inter-level travel time spent in this place.
 C = Inter-level travel time spent in this place.
 D = Time resting spent in this place.
 E = Time spent auto-exploring this place.
 F = Levels seen in this place.
 G = Mean time per level.
                   A        B        C        D        E       F      G
               +--------+--------+--------+--------+--------+-----+--------+
         Total |   3571 |   3519 |     52 |    201 |   2729 |   4 |  892.8 |
       Dungeon |   3571 |   3519 |     52 |    201 |   2729 |   4 |  892.8 |
               +--------+--------+--------+--------+--------+-----+--------+

Top non-repeatable levels by time:
     D:3: 1305 daAuts
     D:1: 1159 daAuts
     D:2: 1069 daAuts
     D:4: 37 daAuts
